Map: Central Protocol

Players

Aphrodite - Winner!

  • Race: Zerg Zerg

Grumm

  • Race: Zerg Zerg
  • League: Gold

VOD

Have the link to the VOD?

Description

Time

  • Played on: Jan. 21, 2016, 12:42 p.m.
  • Length: 13:40
Show
View Real Time Build Order
Export as new Build Order

Aphrodite Zerg - Winner!

Build Orders: Pool First 

Get SALT Encoding   

  12  0:01  Drone  
  13  0:08  Drone  
  14  0:18  Extractor  
  14  0:19  Overlord  
  13  0:23  Drone  
  14  0:39  Drone  
  14  0:40  Drone  
  16  0:51  Spawning Pool  
  16  0:52  Drone  
  17  0:57  Drone  
  17  1:06  Drone  
  18  1:22  Drone  
  19  1:31  Drone  
  20  1:38  Hatchery  
  19  1:40  Metabolic Boost  
  19  1:44  Zergling x2  
  20  1:55  Zergling x2  
  21  2:03  Overlord  
  22  2:11  Spine Crawler  
  21  2:21  Queen  
  23  2:25  Zergling x4  
  25  2:34  Hatchery  
  24  2:41  Drone  
  20  3:15  Lair  
  20  3:19  Zergling x4  
  22  3:30  Overlord x2  
  21  3:50  Drone  
  21  3:51  Drone x3  
  21  3:53  Queen  
  27  4:01  Drone x2, Extractor  
  28  4:11  Drone x3  
  28  4:12  Drone  
  28  4:13  Drone  
  33  4:21  Drone  
  34  4:27  Drone  
  34  4:29  Queen  
  37  4:35  Drone x2  
  37  4:36  Spire  
  38  4:45  Drone x4  
  42  4:49  Extractor  
  42  4:51  Extractor  
  40  4:59  Overlord  
  40  5:19  Overlord  
  40  5:23  Zergling x2  
  40  5:24  Zergling x12  
  47  5:37  Overlord  
  47  5:54  Mutalisk x7  
  47  5:55  Mutalisk  
  63  6:13  Mutalisk  
  63  6:17  Overlord x3  
  65  6:42  Mutalisk x4  
  65  6:45  Overlord  
  73  6:53  Mutalisk  
  75  6:55  Overlord  
  75  6:56  Overlord  
  75  7:19  Zergling x14  
  82  7:24  Drone  
  83  7:37  Evolution Chamber  
  83  7:38  Evolution Chamber  
  83  7:41  Hatchery  
  80  7:44  Drone  
  80  7:45  Drone x2  
  83  8:11  Zerg Ground Armor Level 1, Zerg Melee Weapons Level 1  
  83  8:15  Infestation Pit  
  83  8:16  Drone x4  
  86  8:25  Zergling x8  
  86  8:26  Zergling x2  
  91  8:48  Zergling x2  
  91  8:49  Zergling x10  
  97  8:57  Hive  
  97  9:16  Pathogen Glands  
  95  9:19  Infestor x5  
  105  9:24  Zergling x6  
  105  9:25  Zergling x2  
  109  9:47  Overlord  
  109  9:48  Zergling x2  
  109  9:49  Zergling x16  
  118  9:53  Drone  
  119  10:09  Adrenal Glands  
  119  10:10  Zerg Melee Weapons Level 2  
  119  10:24  Zergling x2  
  119  10:25  Zergling x18  
  129  10:32  Zerg Ground Armor Level 2  
  129  10:52  Drone  
  129  10:53  Overlord x2  
  130  11:11  Zergling x2  
  127  11:12  Zergling x12  
  127  11:13  Zergling x4  
  135  11:21  Drone  
  135  11:22  Drone x2  
  135  11:23  Ultralisk Cavern  
  137  11:28  Overlord x2  
  137  11:33  Drone  
  138  11:55  Zergling x20  
  119  12:15  Zergling x2  
  119  12:16  Zergling x10  
  110  12:24  Zergling x2  
  110  12:25  Zergling x4  
  81  12:42  Ultralisk x3  
  99  12:44  Hatchery  
  99  12:50  Zergling x6  
  101  12:53  Ultralisk  
  101  12:55  Zergling x8  
  101  12:56  Zergling x6  
  114  13:05  Overseer, Extractor  
  114  13:06  Overseer  
  114  13:07  Extractor  
  112  13:15  Zergling x2  
  112  13:16  Zergling x6  
Show
View Real Time Build Order
Export as new Build Order

Grumm Zerg 

Build Orders: Pool First, Lurkers 

Get SALT Encoding   

  12  0:18  Spawning Pool  
  11  0:23  Drone  
  12  0:32  Overlord  
  12  0:37  Drone  
  12  0:41  Drone  
  14  1:06  Zergling x4  
  14  1:09  Zergling x2  
  17  1:26  Drone  
  17  1:29  Hatchery  
  17  1:37  Zergling x2  
  18  1:51  Zergling x4  
  20  1:57  Spine Crawler  
  20  1:58  Queen  
  21  2:10  Zergling x2  
  21  2:31  Overlord  
  20  3:01  Zergling x4  
  20  3:02  Zergling x2  
  19  3:15  Queen  
  19  3:16  Drone  
  19  3:17  Drone x2  
  19  3:19  Drone x3  
  27  3:44  Evolution Chamber  
  27  3:48  Spine Crawler  
  24  3:52  Evolution Chamber  
  24  3:54  Drone x2  
  24  3:55  Drone x4  
  29  4:07  Extractor  
  29  4:08  Extractor  
  27  4:10  Drone x4  
  27  4:14  Extractor  
  30  4:18  Extractor  
  29  4:32  Drone x6  
  35  4:53  Drone  
  35  4:54  Overlord  
  35  4:55  Overlord  
  35  4:56  Overlord  
  35  4:59  Lair  
  36  5:10  Roach Warren  
  35  5:16  Zerg Missile Weapons Level 1  
  35  5:21  Zerg Ground Armor Level 1  
  35  5:32  Metabolic Boost  
  35  5:35  Drone  
  35  5:36  Drone x3  
  39  5:43  Overlord  
  39  6:03  Hydralisk Den  
  38  6:05  Drone x3  
  38  6:06  Drone x3  
  44  6:21  Spore Crawler  
  43  6:26  Spore Crawler  
  43  6:30  Spore Crawler  
  43  6:32  Spore Crawler  
  40  6:37  Drone  
  40  6:38  Drone x3, Spore Crawler  
  43  6:52  Spore Crawler  
  41  6:58  Drone x6  
  47  7:08  Overlord  
  47  7:20  Hydralisk  
  47  7:21  Hydralisk x3  
  55  7:25  Overlord  
  55  7:40  Hydralisk  
  55  7:41  Hydralisk  
  55  7:42  Overlord  
  59  7:49  Hydralisk  
  59  7:50  Hydralisk x3  
  66  7:55  Lurker Den  
  66  8:03  Zerg Missile Weapons Level 2  
  66  8:07  Zerg Melee Weapons Level 1  
  66  8:09  Hydralisk  
  66  8:10  Hydralisk  
  70  8:15  Drone  
  70  8:16  Drone x2  
  73  8:28  Overlord  
  73  8:29  Overlord  
  73  8:34  Hydralisk  
  75  8:48  Hydralisk  
  75  8:49  Hydralisk x5  
  87  9:19  Roach  
  87  9:20  Roach  
  87  9:22  Overlord x3  
  91  9:56  Spore Crawler  
  91  9:58  Spore Crawler  
  91  9:59  Spore Crawler  
  88  10:00  Lurker x2  
  88  10:01  Lurker  
  88  10:03  Zerg Ground Armor Level 2  
  88  10:06  Roach  
  103  10:07  Roach x6  
  105  10:52  Hatchery  
  104  10:58  Zerg Melee Weapons Level 2  
  104  11:07  Infestation Pit  
  103  11:13  Hatchery  
  102  11:20  Hydralisk  
  102  11:21  Hydralisk  
  102  11:22  Overlord x3  
  102  11:24  Glial Reconstitution  
  106  11:29  Pneumatized Carapace  
  106  11:46  Hydralisk x2  
  106  11:47  Hydralisk x7  
  124  11:56  Lurker  
  68  12:23  Zergling x16  
  70  12:47  Drone x3  
Tags
 
Composition
Lurkers
League
Gold
Matchup
ZvZ
Race
Zerg
Replay Pack
sc2 replays 2016
Add a new tag
Caveats
  • Supply blocks, unpowered buildings, or Contaminate may cause inaccurate times.
  • Supply counts are checked every 10 seconds.